 Dungeon Crawl Stone Soup version 0.30-a0-719-gcc4359ea44 (webtiles) character file.

Game seed: 9509070451448781608

49 Mitcholas the Shooter (level 3, -4/29 HPs)
             Began as a Draconian Hunter on Jan 26, 2023.
             Succumbed to Sigmund's poison
             ... on level 2 of the Dungeon.
             The game lasted 00:01:26 (460 turns).

Mitcholas the Shooter (Draconian Hunter)             Turns: 460, Time: 00:01:26

Health: -4/29      AC:  5    Str: 13    XL:     3   Next: 53%
Magic:  3/3        EV: 12    Int:  9    God:
Gold:   21         SH:  0    Dex: 16    Spells: 2/2 levels left

rFire   . . .      SeeInvis .    a - +0 shortbow
rCold   . . .      Faith    .    (shield currently unavailable)
rNeg    . . .      Spirit   .    (body armour unavailable)
rPois   .          Reflect  .    (helmet restricted)
rElec   .          Harm     .    (no cloak)
rCorr   .          Rampage  .    (no gloves)
Will    .....                    (no boots)
Stlth   ++                       (no amulet)
HPRegen 0.24/turn                (no ring)
MPRegen 0.08/turn                (no ring)

@: lethally poisoned (-4 -> -28)
A: AC +5, unfitting armour, cold-blooded
a: no special abilities


You were on level 2 of the Dungeon.
You visited 1 branch of the dungeon, and saw 2 of its levels.

You collected 21 gold pieces.

Inventory:

Hand Weapons
 a - a +0 shortbow (weapon)
Scrolls
 b - a scroll of immolation
 e - a scroll of teleportation {unknown}
 f - a scroll of identify {unknown}
 g - a scroll of amnesia {unknown}
Potions
 c - a potion of might {unknown}
 d - a potion of ambrosia {unknown}


   Skills:
 - Level 2.1 Fighting
 + Level 4.8 Ranged Weapons
 - Level 1.7 Dodging
 - Level 0.8 Stealth


You had 2 spell levels left.
You didn't know any spells.
Your spell library contained the following spells:

 Spells                   Type           Power      Damage    Failure   Level
 Shock                    Conj/Air       0%         1d3       38%         1
 Gell's Gravitas          Tloc           0%         N/A       77%         3
 Swiftness                Air            0%         N/A       77%         3
 Teleport Other           Tloc           0%         N/A       77%         3
 Airstrike                Air            0%         2d(0-16)  99%         4
 Dispersal                Tloc           0%         N/A       100%        6


Dungeon Overview and Level Annotations

Branches:
Dungeon (2/15)

Altars:

Annotations:
D:2 Sigmund


Innate Abilities, Weirdness & Mutations

Your plain brown scales are hard. (AC +5)
You cannot fit into any form of body armour.
You are cold-blooded and may be slowed by cold attacks.


Message History

Sigmund hits you from afar with a +6 scythe of venom.
The hobgoblin hits you but does no damage.
You shoot an arrow. The arrow hits the adder.
The adder is almost dead.
The adder bites you but does no damage.
The hobgoblin hits you but does no damage.
The adder bites you but does no damage.
Sigmund casts a spell.
Sigmund flickers and vanishes!
Deactivating autopickup; reactivate with Ctrl-A.
You shoot an arrow. The arrow closely misses the adder.
The adder barely misses you. The hobgoblin closely misses you.
Something hits you!
You are poisoned.
The adder bites you but does no damage.
The hobgoblin hits you but does no damage.
You shoot an arrow. The arrow hits the adder!
You kill the adder!
You feel very sick. Something hits you!
* * * LOW HITPOINT WARNING * * *
You are more poisoned.
The hobgoblin hits you.
* * * LOW HITPOINT WARNING * * *
You are too injured to fight recklessly!
You are too injured to fight recklessly!
You are too injured to fight recklessly!
You are too injured to fight recklessly!
You are too injured to fight recklessly!
You are too injured to fight recklessly!
You are too injured to fight recklessly!
You are too injured to fight recklessly!
You are too injured to fight recklessly!
Unknown command.
Fire: a) +0 shortbow
Press: ? - help, Q - select action Shift-Dir - straight line, f - hobgoblin
Aim: a hobgoblin (63% to hit)
You shoot an arrow.
The arrow hits the hobgoblin but does no damage.
You die...

# #. .# .# .#
###.####†#
.....{†g.#
#@.# #..# #
#..#####.
#.###........
#....########
### ####.#
#.. #.# #.#
#.# #.# #.#


You could see a hobgoblin.

Vanquished Creatures
  2 adders (D:2)
  A dart slug (D:2)
  5 bats (D:1)
  6 endoplasms (D:1)
  A giant cockroach (D:1)
  2 goblins (D:1)
  A hobgoblin (D:1)
  2 quokkas (D:1)
  3 ball pythons (D:1)
  A kobold (D:2)
  2 rats (D:1)
26 creatures vanquished.

Notes
Turn   | Place    | Note
-------+----------+-------------------------------------------
     0 | D:1      | Mitcholas the Draconian Hunter began the quest for the Orb.
     0 | D:1      | Reached XP level 1. HP: 17/17 MP: 1/1
     3 | D:1      | Noticed an electric eel
     4 | D:1      | Noticed an electric eel
    65 | D:1      | Reached skill level 4 in Ranged Weapons
    67 | D:1      | Reached XP level 2. HP: 24/24 MP: 2/2
   436 | D:2      | Reached XP level 3. HP: 26/29 MP: 3/3
   451 | D:2      | Noticed Sigmund
   460 | D:2      | Succumbed to Sigmund's poison

Illustrated notes

Levels and vault maps discovered:
D:1:      arrival_aquarium_b, layout_basic
D:2:      layout_loops_ring, minmay_tiny_reverse_x, uniq_sigmund

Skill      XL: |  1 |
---------------+----+-----
Ranged Weapons | 4 |  4.8
Fighting       | |  2.1
Dodging        | |  1.7
Stealth        | |  0.8

Action                     || total
---------------------------++-------
   Fire: Shortbow          ||    67
 Armour: Skin              ||    14
  Dodge: Dodged            ||    15

Table legend: (Time is in decaauts)
 A = Elapsed time spent in this place.
 B = Non-inter-level travel time spent in this place.
 C = Inter-level travel time spent in this place.
 D = Time resting spent in this place.
 E = Time spent auto-exploring this place.
 F = Levels seen in this place.
 G = Mean time per level.
                   A        B        C        D        E       F      G
               +--------+--------+--------+--------+--------+-----+--------+
         Total |    479 |    471 |      8 |      0 |    352 |   2 |  239.5 |
       Dungeon |    479 |    471 |      8 |      0 |    352 |   2 |  239.5 |
               +--------+--------+--------+--------+--------+-----+--------+

Top non-repeatable levels by time:
     D:1: 396 daAuts
     D:2: 83 daAuts
